 Dungeon Crawl Stone Soup version 0.29.1-15-g9cfb28693d (webtiles) character file.

Game seed: 13311209508696847144

249379 workbot the Slayer (level 18, -9/187 HPs)
             Began as a Minotaur Berserker on Mar 1, 2023.
             Was a High Priest of Trog.
             Killed from afar by a war gargoyle (18 damage)
             ... with a spray of metal splinters
             ... on level 1 of the Vaults on Apr 4, 2023.
             The game lasted 02:08:23 (29853 turns).

workbot the Slayer (Minotaur Berserker)            Turns: 29853, Time: 02:08:24

Health: -9/187     AC: 29    Str: 39      XL:     18   Next: 88%
Magic:  26/26      EV: 20    Int:  0 (1)  God:    Trog [*****.]
Gold:   1406       SH:  0    Dex: 15      Spells: 17/17 levels left

rFire   + + .      SeeInvis +   b - +10 demon whip of the Abyss {freeze, rF+ Int-4 Dex+3}
rCold   + . .      Faith    .   (no shield)
rNeg    . . .      Spirit   .   m - +6 scale mail "Qiong" {Regen+ rCorr}
rPois   +          Reflect  .   a - +2 hat {Stlth+}
rElec   .          Harm     .   y - +1 cloak of Maogoly {rC+ Str+5 Int-3}
rCorr   +          Rampage  .   e - +2 pair of gloves
Will    +++..                   t - +1 pair of boots
Stlth   +.........              I - amulet of Budd {+Inv rPois Regen+ MP+9 Int+2}
HPRegen 3.01/turn               A - ring of see invisible
MPRegen 0.20/turn               G - ring "Reem" {rF+ Str+6 Int+2}

@: strong-willed, regenerating, slowed, lost intelligence, unable to read, very
slow
A: horns 2, retaliatory headbutt, deterioration 1
}: 2/15 runes: decaying, gossamer
a: Renounce Religion, Evoke Invisibility, Berserk, Trog's Hand, Brothers in Arms


You were on level 1 of the Vaults.
You worshipped Trog.
Trog was extremely pleased with you.
You visited 7 branches of the dungeon, and saw 33 of its levels.
You also visited: Ossuary and Ice Cave.

You collected 3129 gold pieces.
You spent 1723 gold pieces at shops.

Inventory:

Hand Weapons
 b - the +10 demon whip of the Abyss (weapon) {freeze, rF+ Int-4 Dex+3}
   (You acquired it on level 2 of the Orcish Mines)

   It freezes those it strikes, dealing additional cold damage.
   It can also slow down cold-blooded creatures.
   Int:       It affects your intelligence (-4).
   Dex:       It affects your dexterity (+3).
   rF:        It protects you from fire.
Armour
 a - a +2 hat of stealth (worn)
 e - a +2 pair of gloves (worn)
 m - the +6 scale mail "Qiong" (worn) {Regen+ rCorr}
   (You found it on level 5 of the Dungeon)

   Regen:     It increases your rate of health regeneration.
   rCorr:     It protects you from acid and corrosion.
 t - a +1 pair of boots (worn)
 y - the +1 cloak of Maogoly (worn) {rC+ Str+5 Int-3}
   (You found it on level 1 of the Spider Nest)

   Str:       It affects your strength (+5).
   Int:       It affects your intelligence (-3).
   rC:        It protects you from cold.
Jewellery
 d - a ring of resist corrosion
 n - a ring of willpower
 A - a ring of see invisible (left hand)
 F - a ring of protection from cold
 G - the ring "Reem" (right hand) {rF+ Str+6 Int+2}
   (You bought it in a shop on level 2 of the Orcish Mines)

   [ring of protection from fire]

   Str:       It affects your strength (+6).
   Int:       It affects your intelligence (+2).
   rF:        It protects you from fire.
 I - the amulet of Budd (around neck) {+Inv rPois Regen+ MP+9 Int+2}
   (You bought it in a shop on level 2 of the Orcish Mines)

   [amulet of regeneration]

   Int:       It affects your intelligence (+2).
   rPois:     It protects you from poison.
   MP:        It affects your magic capacity (+9).
   +Inv:      It lets you turn invisible.
   Regen:     It increases your rate of health regeneration.
Scrolls
 f - 12 scrolls of identify
 g - 6 scrolls of blinking
 j - 2 scrolls of immolation
 o - 4 scrolls of teleportation
 s - a scroll of poison
 v - 2 scrolls of fear
 x - 3 scrolls of enchant weapon
 C - a scroll of brand weapon
Potions
 c - 2 potions of magic
 h - a potion of cancellation
 k - 3 potions of resistance
 l - a potion of haste
 p - 8 potions of curing
 q - 2 potions of heal wounds
 r - 6 potions of flight
 w - 4 potions of berserk rage
 z - 2 potions of might
 B - 6 potions of ambrosia
 H - 4 potions of invisibility
Miscellaneous
 i - a phial of floods
 u - a piece from Xom's chessboard (15/15)


   Skills:
 + Level 22.9 Fighting
 - Level 6.4(13.3) Axes
 * Level 18.0(18.4) Maces & Flails
 + Level 21.5 Armour
 + Level 18.3 Dodging


You had 17 spell levels left.
You didn't know any spells.
Your spell library contained the following spells:

 Spells                   Type           Power      Damage    Failure   Level
 Apportation              Tloc           0%         N/A       71%         1
 Necrotise                Necr           0%         1d4       71%         1
 Shock                    Conj/Air       0%         1d3       71%         1
 Slow                     Hex            0%         N/A       71%         1
 Sting                    Tmut/Pois      0%         1d3       71%         1
 Summon Small Mammal      Summ           0%         N/A       71%         1
 Poisonous Vapours        Pois/Air       0%         N/A       83%         2
 Static Discharge         Conj/Air       0%         3-3/arc   83%         2
 Sublimation of Blood     Necr           0%         N/A       83%         2
 Wereblood                Tmut           0%         N/A       83%         2
 Confusing Touch          Hex            0%         N/A       97%         3
 Conjure Flame            Conj/Fire      0%         6-21      97%         3
 Ignite Poison            Fire/Tmut/Pois 0%         N/A       97%         3
 Mephitic Cloud           Conj/Pois/Air  0%         N/A       97%         3
 Vampiric Draining        Necr           0%         2d6       97%         3
 Animate Armour           Summ/Erth      0%         N/A       100%        4
 Dispel Undead            Necr           0%         3d6       100%        4
 Olgreb's Toxic Radiance  Pois           0%         N/A       100%        4
 Petrify                  Tmut/Erth      0%         N/A       100%        4
 Sticky Flame             Conj/Fire      0%         2d3       100%        4
 Agony                    Necr           0%         N/A       100%        5
 Alistair's Intoxication  Tmut/Pois      0%         N/A       100%        5
 Blade Hands              Tmut           0%         N/A       100%        5
 Borgnjor's Vile Clutch   Necr/Erth      0%         N/A       100%        5
 Freezing Cloud           Conj/Ice/Air   0%         6-21      100%        5
 Metabolic Englaciation   Hex/Ice        0%         N/A       100%        5
 Eringya's Noxious Bog    Tmut/Pois      0%         N/A       100%        6
 Iron Shot                Conj/Erth      0%         9d1       100%        6
 Statue Form              Tmut/Erth      0%         N/A       100%        6
 Ozocubu's Refrigeration  Ice            0%         4d7       100%        7
 Summon Hydra             Summ           0%         N/A       100%        7
 Chain Lightning          Conj/Air       0%         N/A       100%        9


Dungeon Overview and Level Annotations

Branches:
Dungeon (15/15)            Temple (1/1) D:7            Lair (5/5) D:10
  Swamp (4/4) Lair:3       Spider (4/4) Lair:3        Slime (0/5) Lair:4
    Orc (2/2) D:9             Elf (0/3) Orc:2        Vaults (2/5) D:14
 Depths (0/4) D:15        Ossuary (visited)           IceCv (visited)
  Crypt: Vaults:2-3

Altars:
Ashenzari
Cheibriados
Dithmenos
Fedhas
Gozag
Hepliaklqana
Kikubaaqudgha
Makhleb
Nemelex Xobeh
Okawaru
Qazlal
Ru
Sif Muna
Trog
Uskayaw
Vehumet
Wu Jian
Xom
Yredelemnul
Zin
The Shining One
Lugonu

Shops:
D:8 [   D:11 [   Orc:2 =*(=   Vaults:2 =

Portals:
Abyss: Lair:5
Trove: D:11 (give +6 demon trident)

Annotations:
Temple 4 transporters


Innate Abilities, Weirdness & Mutations

You have a pair of horns on your head.
You reflexively headbutt those who attack you in melee.
Your body sometimes deteriorates upon taking damage.


Message History

The war gargoyle hits you with a +0 morningstar!!
The ironbound preserver mumbles some strange words.
The ironbound preserver is healed somewhat.
The ironbound convoker hits you with a +0 great mace!
* * * LOW HITPOINT WARNING * * *
You can move again.
Okay, then.
You cannot read scrolls in your current state!
You feel much better. The war gargoyle completely misses you.
The ironbound preserver hits you with a +0 flail!
The ironbound convoker hits you with a +0 great mace.
The war gargoyle hits you with a +0 morningstar.
The ironbound preserver mumbles some strange words.
The ironbound preserver begins to accept its allies' injuries.
The ironbound convoker hits you but does no damage.
The war gargoyle launches metal splinters at you.
The spray of metal splinters hits you but does no damage.
You are too injured to fight recklessly!
You barely miss the war gargoyle.
You headbutt the war gargoyle, but do no damage.
The war gargoyle completely misses you. You furiously retaliate!
You headbutt the war gargoyle. You thrash the war gargoyle!!
The war gargoyle is moderately damaged.
The ironbound preserver hits you with a +0 flail!!
* * * LOW HITPOINT WARNING * * *
The ironbound convoker barely misses you.
You furiously retaliate!
You headbutt the ironbound convoker, but do no damage.
The war gargoyle hits you with a +0 morningstar!
* * * LOW HITPOINT WARNING * * *
You whack the war gargoyle!
You headbutt the war gargoyle, but do no damage.
The war gargoyle is moderately damaged.
The ironbound preserver hits you with a +0 flail!!
* * * LOW HITPOINT WARNING * * *
The ironbound convoker misses you.
The war gargoyle launches metal splinters at you.
The spray of metal splinters hits you!!
You die...

....##....# #.
#...##....######################.
##..##...........................
###.##...........................
.#.###....#####'################.
.#..##....# #.......# #.
.+...'....# #.......######## #.
.#..##....# #.p.....#......# #.
.#.###....# #.9@....'.####.# #.
###.##....# #..[p...'.#≈≈#.# #.
##..##....# #.......#.#≈≈#.# #.
#...##....# #.......#.#≈≈#.# #.
)...##....# #########.####.# #.
######....# #......# #.
######....# ######## #.
..........# #. ........).# #.


You could see an ironbound preserver (strong), a war gargoyle (strong,
sheltered, catching breath) and an ironbound convoker (sheltered).

Vanquished Creatures
  Margery (Vaults:1)
  A tentacled monstrosity (Swamp:2)
  A lich (Vaults:1)
  The ghost of Zenkrye the Severer, an adept HOFi of Beogh (Swamp:2)
  Gastronok (D:11)
  4 thorn hunters
  The ghost of Axikluogo the Severer, an adept MiCA of Ignis (Swamp:1)
  A storm dragon (D:13)
  A fire giant (D:13)
  3 emperor scorpions
  A fenstrider witch (Swamp:4)
  The ghost of Qemahefa the Bludgeoner, an adept GrFi of Okawaru (Swamp:1)
  5 ghost moths
  2 vault wardens (Vaults:1)
  A juggernaut zombie (D:15)
  A deep elf sorcerer (Vaults:1)
  8 ironbound preservers
  2 ironbound thunderhulks
  A broodmother (Spider:4)
  A reaper (IceCv)
  3 eleionomae
  5 entropy weavers
  A dire elephant (Vaults:1)
  2 bunyips
  3 spark wasps
  A deep elf death mage (Vaults:1)
  2 yaktaur captains (Vaults:1)
  A fire dragon (Swamp:4)
  Josephine (Swamp:1)
  2 shambling mangroves
  Fannar (Orc:1)
  A spriggan zombie (D:15)
  A spectral fenstrider witch (Swamp:2)
  10 vault guards
  3 boulder beetles
  12 hydras
  2 radroaches
  2 jorogumos
  2 ironbound frosthearts (Vaults:1)
  14 death yaks
  11 alligators
  A two-headed ogre (shapeshifter) (D:14)
  2 two-headed ogres
  11 centaur warriors
  7 tengu warriors
  Urug (Lair:2)
  3 thrashing horrors (Lair:5)
  3 orc high priests (Orc:2)
  A hell knight (Vaults:2)
  11 skeletal warriors
  Nergalle (Orc:1)
  Amaemon (D:11)
  8 pharaoh ants
  A spectral spriggan (Swamp:2)
  2 sun moths
  A glowing orange brain (Vaults:1)
  3 goliath frogs
  2 spectral bunyips (Swamp:2)
  2 spriggan druids (Swamp:4)
  12 deep trolls
  7 steelbarb worms
  9 orb spiders
  2 large abominations (Lair:5)
  A necromancer (D:15)
  Pikel (D:5)
  2 wizards
  9 swamp dragons
  A tengu zombie (D:15)
  5 bog bodies
  A phantasmal warrior (D:15)
  9 ironbound convokers
  4 lindwurms
  A lindwurm (shapeshifter) (Lair:5)
  4 deep elf pyromancers
  9 ugly things
  8 orc sorcerers
  5 cyclopes
  9 orc knights
  3 manticores
  20 wolf spiders
  A will-o-the-wisp (Swamp:2)
  3 moths of wrath
  4 black mambas
  7 elephants
  6 vault sentinels (Vaults:1)
  13 cane toads
  3 torpor snails
  A gargoyle (D:13)
  5 unseen horrors
  2 smoke demons (Lair:5)
  8 demonic crawlers
  An orange demon (D:11)
  2 freezing wraiths (D:15)
  3 yaktaurs (Vaults:1)
  An ancient zyme (Lair:5)
  3 kobold demonologists
  An anaconda simulacrum (IceCv)
  A spectral death drake (Swamp:2)
  6 ice devils (IceCv)
  9 trolls
  6 komodo dragons
  A guardian mummy (D:15)
  8 tyrant leeches
  4 polar bears
  23 tarantellas
  6 meliai
  11 slime creatures
  11 hornets
  21 blink frogs
  A blink frog (shapeshifter) (D:11)
  An ettin zombie (D:15)
  3 spriggans
  18 jumping spiders
  A dire elephant simulacrum (IceCv)
  2 shadows (D:12)
  16 culicivoras
  2 vampires (D:10)
  7 wraiths
  62 yaks
  7 basilisks
  32 redbacks
  Grum (D:11)
  A steam dragon (D:9)
  9 small abominations (Lair:5)
  3 chaos spawn (Lair:5)
  13 vampire mosquitoes
  3 wargs
  A warg (shapeshifter) (D:13)
  An acid dragon (D:11)
  2 death yak simulacra (IceCv)
  Menkaure (D:7)
  2 harpy simulacra (IceCv)
  11 swamp worms
  23 water moccasins
  A hydra simulacrum (Swamp:2)
  7 swamp drakes
  16 orc warriors
  2 ice beasts
  2 black bears (D:10)
  A sky beast (D:7)
  3 ogres
  The ghost of mkat the Vexing, an amateur DrAM (D:3)
  10 centaurs
  19 wolves
  A lemure (D:5)
  A phantom (D:6)
  An elf zombie (D:8)
  4 kobold brigands
  A cane toad simulacrum (IceCv)
  4 gnoll sergeants
  5 scorpions
  3 elf skeletons (D:8)
  17 bullfrogs
  5 two-headed ogre simulacra (IceCv)
  9 wights
  6 water moccasin zombies (Ossuary)
  7 killer bees
  An electric eel (D:8)
  5 howler monkeys
  A crimson imp (D:5)
  3 hounds (D:5)
  A human zombie (D:8)
  Crazy Yiuf (D:2)
  2 jellies
  A gnoll bouda (D:7)
  10 orc priests
  Natasha (thrice) (D:2)
  8 iguanas
  2 human skeletons (D:8)
  24 orc wizards
  A polar bear simulacrum (IceCv)
  2 spriggan simulacra (IceCv)
  A wolf simulacrum (IceCv)
  2 mummies (Ossuary)
  20 gnolls
  9 adders
  A naga simulacrum (IceCv)
  A shadow imp (D:6)
  5 white imps
  5 ufetubi
  3 adder zombies (Ossuary)
  2 worms
  4 dart slugs
  51 orcs
  2 bats
  5 endoplasms
  4 giant cockroaches
  7 goblins
  10 hobgoblins
  9 jackals
  11 kobolds
  7 quokkas
  6 ball pythons
  3 frilled lizards (D:3)
  3 gnoll zombies (Ossuary)
  3 hobgoblin zombies (Ossuary)
  7 kobold zombies (Ossuary)
  2 orc skeletons (D:8)
  8 orc zombies
  2 rats (D:3)
  6 briar patches
1085 creatures vanquished.

Vanquished Creatures (collateral kills)
  Jorgrun (Spider:3)
  A hydra (Swamp:4)
  A swamp dragon (Swamp:4)
  2 vampire mosquitoes
  A swamp drake (Swamp:1)
  A spriggan simulacrum (Swamp:2)
7 creatures vanquished.

Vanquished Creatures (others)
  A thorn hunter (Swamp:4)
  The ghost of Jingleheimer the Fencer, a journeyman OpDe of Cheibriados (D:13)
  A lindwurm (Swamp:4)
  A meliai (D:13)
  An orc priest (Orc:2)
  10 briar patches
  2 foxfires (Swamp:2)
  52 fungi
  75 plants
144 creatures vanquished.

Grand Total: 1236 creatures vanquished

Notes
Turn   | Place    | Note
-------+----------+-------------------------------------------
     0 | D:1      | workbot the Minotaur Berserker began the quest for the Orb.
     0 | D:1      | Reached XP level 1. HP: 19/19 MP: 0/0
   325 | D:1      | Reached XP level 2. HP: 19/26 MP: 1/1
   670 | D:1      | Reached skill level 5 in Axes
   702 | D:1      | Found a faded altar of an unknown god.
   710 | D:1      | Got Plato's Octavo of Striking
   788 | D:1      | Reached XP level 3. HP: 31/31 MP: 2/2
  1340 | D:2      | Found a broken altar of Ashenzari.
  1344 | D:2      | Noticed Natasha
  1359 | D:2      | Killed Natasha
  1631 | D:2      | Found a runed translucent door.
  1632 | D:2      | Noticed Crazy Yiuf
  1720 | D:2      | HP: 2/46 [Crazy Yiuf/+4 quarterstaff of chaos (9)]
  1721 | D:2      | Killed Crazy Yiuf
  1722 | D:2      | Reached XP level 4. HP: 3/39 MP: 0/3
  1732 | D:2      | Identified the +2 hammer of Woguss {venom, rF- rC+ rN+
                  | Str+7}
  1838 | D:2      | Noticed Natasha
  1847 | D:2      | Killed Natasha
  1848 | D:2      | Reached skill level 1 in Maces & Flails
  2067 | D:2      | Reached XP level 5. HP: 45/45 MP: 4/4
  2100 | D:2      | Reached ** piety under Trog
  2269 | D:2      | Noticed Natasha
  2274 | D:2      | Killed Natasha
  2686 | D:3      | Identified the +7 mace of Tension {venom, Will+}
  2704 | D:3      | Reached XP level 6. HP: 51/51 MP: 5/5
  2732 | D:3      | Reached skill level 5 in Maces & Flails
  2785 | D:3      | Found a large runed translucent door.
  2785 | D:3      | Found a large runed translucent door.
  2789 | D:3      | Noticed mkat's ghost (amateur DrAM)
  2804 | D:3      | Killed mkat's ghost
  3288 | D:4      | You fall into a shaft and drop 1 floor!
  3288 | D:5      | Entered Level 5 of the Dungeon
  3306 | D:4      | Reached XP level 7. HP: 57/57 MP: 6/6
  3366 | D:4      | Reached *** piety under Trog
  3799 | D:5      | Noticed Pikel
  3812 | D:5      | Killed Pikel
  3813 | D:5      | Reached skill level 10 in Maces & Flails
  3813 | D:5      | Reached XP level 8. HP: 64/64 MP: 7/7
  3853 | D:5      | Identified the +6 scale mail "Qiong" {Regen+ rCorr}
  4216 | D:5      | Found a shimmering blue altar of Sif Muna.
  4773 | D:6      | Reached XP level 9. HP: 66/70 MP: 8/8
  5193 | D:6      | Reached skill level 4 in Fighting
  5453 | D:7      | Noticed Menkaure
  5468 | D:7      | Killed Menkaure
  5469 | D:7      | Reached skill level 5 in Fighting
  5500 | D:7      | Reached skill level 6 in Fighting
  5505 | D:7      | Reached **** piety under Trog
  5674 | D:7      | Found a staircase to the Ecumenical Temple.
  5719 | D:7      | Reached skill level 7 in Fighting
  5748 | D:7      | Identified the +7 trident "Ikaon" {elec, rN+}
  5804 | D:7      | Reached skill level 5 in Armour
  5983 | D:7      | Found an iron altar of Okawaru.
  5983 | D:7      | Found a bloodstained altar of Trog.
  6136 | D:8      | Reached skill level 8 in Fighting
  6149 | D:8      | Found a blossoming altar of Fedhas.
  6236 | D:8      | Found Casawn's Antique Armour Emporium.
  6259 | D:8      | Bought a pair of boots for 103 gold pieces
  6351 | D:8      | Reached XP level 10. HP: 90/90 MP: 9/9
  6351 | D:8      | Found a broken altar of Ashenzari.
  6368 | D:8      | Reached skill level 9 in Fighting
  6492 | D:8      | Found a sand-covered staircase.
  6502 | Ossuary  | Entered an ossuary
  6568 | Ossuary  | Reached ***** piety under Trog
  6617 | Ossuary  | Reached skill level 10 in Fighting
  6756 | D:8      | Noticed a cyclops
  6769 | D:8      | Killed a cyclops
  6976 | D:9      | Reached skill level 11 in Fighting
  7089 | D:9      | Found a staircase to the Orcish Mines.
  7244 | D:9      | Received a gift from Trog
  7397 | D:9      | Reached skill level 12 in Fighting
  7540 | D:9      | Reached XP level 11. HP: 97/104 MP: 10/10
  7934 | Temple   | Entered the Ecumenical Temple
  7934 | Temple   | Found a transporter.
  7934 | Temple   | Found a transporter.
  7940 | Temple   | Found a transporter.
  7940 | Temple   | Found a transporter.
  8057 | D:10     | Entered Level 10 of the Dungeon
  8194 | D:10     | Reached skill level 13 in Fighting
  8209 | D:10     | Found a staircase to the Lair.
  8266 | D:10     | Reached skill level 10 in Armour
  8511 | D:10     | Noticed a two-headed ogre
  8528 | D:10     | Killed a two-headed ogre
  8827 | D:11     | Noticed Gastronok
  8850 | D:11     | Killed Gastronok
  8903 | D:11     | Noticed a boulder beetle
  8910 | D:11     | Killed a boulder beetle
  8998 | D:11     | Noticed Grum
  9015 | D:11     | Reached skill level 5 in Dodging
  9023 | D:11     | Killed Grum
  9079 | D:11     | Found a portal to a secret trove of treasure.
  9179 | D:11     | Noticed Amaemon
  9194 | D:11     | Killed Amaemon
  9195 | D:11     | Reached skill level 14 in Fighting
  9275 | D:11     | Reached XP level 12. HP: 107/117 MP: 11/11
  9280 | D:11     | Found Xosen's Armour Shoppe.
  9475 | Lair:1   | Entered Level 1 of the Lair of Beasts
  9749 | Lair:1   | Received a gift from Trog
  9898 | Lair:1   | Identified the +2 helmet of Kouxtumn {Will++}
  9976 | Lair:1   | Noticed a six-headed hydra
  9991 | Lair:1   | Killed a six-headed hydra
 11058 | Lair:2   | Noticed Urug
 11069 | Lair:2   | Reached skill level 15 in Fighting
 11073 | Lair:2   | Killed Urug
 12159 | Lair:3   | Found a staircase to the Swamp.
 12182 | Lair:3   | Found a hole to the Spider Nest.
 12212 | Lair:3   | Reached XP level 13. HP: 111/128 MP: 12/12
 12536 | Lair:4   | Reached skill level 16 in Fighting
 12853 | Lair:4   | Reached skill level 10 in Dodging
 12866 | Lair:4   | Found a staircase to the Slime Pits.
 12901 | Lair:4   | Received a gift from Trog
 13322 | Lair:5   | Entered Level 5 of the Lair of Beasts
 13418 | Lair:5   | Reached skill level 17 in Fighting
 13482 | Lair:5   | Reached skill level 15 in Armour
 13556 | Lair:5   | Reached XP level 14. HP: 137/140 MP: 13/13
 13693 | Lair:5   | Found an opulent altar of Gozag.
 13944 | Lair:5   | Received a gift from Trog
 14594 | Lair:5   | Found a corrupted altar of Lugonu.
 14594 | Lair:5   | Found a one-way gate to the infinite horrors of the Abyss.
 15036 | D:12     | Reached skill level 18 in Fighting
 15091 | D:12     | Found a frozen archway.
 15407 | IceCv    | Entered an ice cave
 15793 | IceCv    | Noticed a reaper
 15809 | IceCv    | Killed a reaper
 16426 | Orc:1    | Entered Level 1 of the Orcish Mines
 16530 | Orc:1    | Noticed Nergalle
 16539 | Orc:1    | Killed Nergalle
 16600 | Orc:1    | Gained mutation: Your body sometimes deteriorates upon
                  | taking damage. [a neqoxec]
 16843 | Orc:1    | Noticed Fannar
 16862 | Orc:1    | Killed Fannar
 17028 | Orc:2    | Entered Level 2 of the Orcish Mines
 17343 | Orc:2    | Found a staircase to the Elven Halls.
 17539 | Orc:2    | Found Reynil's Jewellery Shop.
 17613 | Orc:2    | Reached XP level 15. HP: 150/150 MP: 14/14
 17935 | Orc:2    | Found Qaufaq's General Store.
 17946 | Orc:2    | Found Arurroapei's Jewellery Emporium.
 17946 | Orc:2    | Found Wupashuecs's Weapon Emporium.
 17974 | Orc:2    | Bought a potion of heal wounds for 60 gold pieces
 17974 | Orc:2    | Bought 2 potions of heal wounds for 120 gold pieces
 18035 | Orc:2    | Bought the ring "Reem" {rF+ Str+6 Int+2} for 585 gold
                  | pieces
 18035 | Orc:2    | Bought the amulet of Budd {+Inv rPois Regen+ MP+9 Int+2}
                  | for 855 gold pieces
 18053 | Orc:2    | Identified a scroll of acquirement
 18053 | Orc:2    | Acquired the +10 demon whip of the Abyss {freeze, rF+ Int-4
                  | Dex+3}
 18371 | D:13     | Noticed a fire giant
 18375 | D:13     | Noticed Jingleheimer's ghost (journeyman OpDe)
 18376 | D:13     | Noticed a storm dragon
 18382 | D:13     | Found a transporter.
 18544 | D:13     | Found a transporter.
 18682 | D:13     | Reached skill level 19 in Fighting
 19063 | D:13     | Killed Jingleheimer's ghost
 19067 | D:13     | Killed a storm dragon
 19073 | D:13     | Killed a fire giant
 19295 | D:14     | Received a gift from Trog
 19668 | D:14     | Found a gate to the Vaults.
 19997 | D:15     | Entered Level 15 of the Dungeon
 20425 | D:15     | Found a staircase to the Depths.
 20449 | D:15     | Reached skill level 20 in Fighting
 20754 | D:15     | Reached XP level 16. HP: 162/162 MP: 15/15
 20798 | D:15     | Reached skill level 15 in Dodging
 21046 | Swamp:1  | Entered Level 1 of the Swamp
 21049 | Swamp:1  | Noticed Josephine
 21052 | Swamp:1  | Killed Josephine
 21214 | Swamp:1  | Found a runed translucent gate.
 21214 | Swamp:1  | Found a runed translucent gate.
 21214 | Swamp:1  | Found a runed translucent gate.
 21230 | Swamp:1  | Noticed Qemahefa's ghost (adept GrFi)
 21231 | Swamp:1  | Noticed Axikluogo's ghost (adept MiCA)
 21259 | Swamp:1  | Killed Axikluogo's ghost
 21282 | Swamp:1  | Killed Qemahefa's ghost
 21300 | Swamp:1  | Got the Tome of Lightning and Sinister Magic
 21912 | Swamp:2  | Found a transporter.
 22124 | Swamp:2  | Noticed a tentacled monstrosity
 22137 | Swamp:2  | Killed a tentacled monstrosity
 22256 | Swamp:2  | Found a transporter.
 22258 | Swamp:2  | Noticed Zenkrye's ghost (adept HOFi)
 22286 | Swamp:2  | Noticed a thorn hunter
 22298 | Swamp:2  | Killed a thorn hunter
 22627 | Swamp:2  | Killed Zenkrye's ghost
 22718 | Swamp:2  | Got Sif Muna's Precepts of Gelid Iniquitous Rituals
 22724 | Swamp:2  | Identified the +8 quarterstaff "Backscratcher" {distort,
                  | Will+ Str+3 Int+2}
 23169 | Swamp:3  | Noticed a thorn hunter
 23184 | Swamp:3  | Killed a thorn hunter
 23190 | Swamp:3  | Reached skill level 21 in Fighting
 23504 | Swamp:4  | Entered Level 4 of the Swamp
 23656 | Swamp:4  | Noticed a thorn hunter
 23914 | Swamp:4  | Reached XP level 17. HP: 158/173 MP: 16/16
 24134 | Swamp:4  | Got a decaying rune of Zot
 24407 | Spider:1 | Entered Level 1 of the Spider Nest
 24636 | Spider:1 | Received a gift from Trog
 24835 | Spider:1 | Identified the +1 robe of Wasted Space {rF++}
 24837 | Spider:1 | Identified the -2 pair of gloves of Vaygeghia {+Blink Will+
                  | Regen+}
 24841 | Spider:1 | Identified the -2 robe "Buutait" {-Tele rPois Regen+ SInv}
 24936 | Spider:1 | Identified the +1 cloak of Maogoly {rC+ Str+5 Int-3}
 25628 | Spider:2 | Received a gift from Trog
 25629 | Spider:2 | Reached skill level 15 in Maces & Flails
 25860 | Spider:3 | Noticed Jorgrun
 25892 | Spider:3 | Reached skill level 22 in Fighting
 25899 | Spider:3 | Killed Jorgrun
 26793 | Spider:4 | Entered Level 4 of the Spider Nest
 26864 | Spider:4 | Lost intelligence.
 27184 | Spider:4 | Reached XP level 18. HP: 184/184 MP: 17/17
 27282 | Spider:4 | Received a gift from Trog
 27853 | Spider:4 | Got a gossamer rune of Zot
 28267 | Vaults:1 | Entered Level 1 of the Vaults
 28666 | Vaults:1 | Paralysed by an ironbound convoker for 4 turns
 29631 | Vaults:2 | Found Zaimuy's General Store.
 29631 | Vaults:2 | Found Cethroag's Jewellery Shoppe.
 29646 | Vaults:2 | Received a gift from Trog
 29666 | Vaults:2 | Noticed Margery
 29667 | Vaults:2 | Noticed a lich
 29683 | Vaults:1 | Killed Margery
 29803 | Vaults:1 | Killed a lich
 29848 | Vaults:1 | Lost intelligence.
 29853 | Vaults:1 | HP: 9/187 [ironbound preserver/+0 flail (20)]
 29853 | Vaults:1 | Killed from afar by a war gargoyle

Illustrated notes

Levels and vault maps discovered:
D:1:      erik_arrival_cave_to_civilisation [erik_arrival_cave_to_hall],
          layout_basic, shapermc_ecumenical_altar_rom_forum
D:2:      layout_loops_corners, basic_altar, serial_glass, glass_columns_c,
          glass_columns_a, kennysheep_generic_room_4, uniq_natasha,
          uniq_crazy_yiuf_cottage
D:3:      layout_basic, ebering_ghost_disaster_area, minmay_circle_x
D:4:      layout_basic
D:5:      layout_loops_ring, mainiacjoe_overflow_six_doors_small,
          minmay_fire_ice_demons, uniq_pikel
D:6:      minmay_diamond_boxcup, layout_basic, nicolae_water_bricks, hex_large
D:7:      layout_cave_pools, grunt_temple_overflow_bloody_war,
          minmay_temple_entry_offerings, serial_column_ruins,
          column_ruins_hut_pillars, column_ruins_hut, column_ruins_grid_1,
          column_ruins_corridor_straight, column_ruins_columns_T,
          column_ruins_open_small, nicolae_concentric_dashed_squares_wild,
          uniq_menkaure
D:8:      layout_basic, ashenzari_conservatory_becter, fedhas_altar_3,
          nicolae_ossuary_entry_catacombs, serial_shops, shop_coins,
          minmay_crystal_water, small_chamber_with_monster,
          hangedman_abyss_or_decor_stabs
D:9:      layout_layer_cave, orc_0_dummy
D:10:     layout_irregular_city, due_lair_maze_entry_diamond, nrook_campfire
D:11:     layout_roguey, serial_shops, nicolae_shop_window_shopping,
          trove_entry_hex_spiral, uniq_amaemon, uniq_gastronok, uniq_grum
D:12:     layout_basic, portal_ice_cave_entry_pillars_1
D:13:     layout_roguey, gammafunk_ghost_arena
D:14:     layout_basic, erik_vaults_2, kennysheep_nub
D:15:     gammafunk_depths_entry_grave, layout_cave_pools, bh_walls_and_bars
Temple:   hellmonk_temple_divided_pantheon
Lair:1:   layout_layer_cave, infiniplex_staircase_pool_2, lemuel_fruit_tree,
          lemuel_fruit_fields, grunt_megastairs_2
Lair:2:   layout_concentric_octagons, uniq_urug
Lair:3:   layout_cellular_growth, minmay_swamp_entry_worms, dummy_spider_entry
Lair:4:   layout_gridlike, minmay_slime_entry_pillars
Lair:5:   hellmonk_lair_end_abyssal_woods, layout_regular_city, basic_altar
Swamp:1:  layout_basic_swamp, gammafunk_ghost_cemetery, serial_swamp_ruin,
          evilmike_swamp_ruin_rubble_1, evilmike_swamp_ruin_house_5,
          uniq_josephine
Swamp:2:  layout_basic_swamp, gammafunk_ghost_mausoleum, hangedman_swamp_cone
Swamp:3:  layout_falls_marsh, hangedman_swamp_ruin_wall, swamp_pool4,
          nicolae_swamp_small_spring
Swamp:4:  swamp_alternative, layout_basic_swamp, swamp_pool3
Spider:1: layout_spider_delve, hellmonk_motheaten_closet
Spider:2: layout_spider_delve
Spider:3: layout_spider_delve, uniq_jorgrun
Spider:4: spider_rune_water, nicolae_spider_some_kinda_spiderbox
Orc:1:    layout_diamond_mine, basic_altar, uniq_nergalle, uniq_fannar
Orc:2:    st_orc_elflike, layout_diamond_mine, basic_altar
Vaults:1: nicolae_vaults_little_squares_1, v_misc_4, nicolae_vaults_triangles,
          nicolae_vaults_angled_halls, vaults_dpeg_ring, st_lattice,
          vaults_room_corners, v_misc_1, grunt_vaults_funnel,
          dpeg_vaults_monster_box, vaults_dpeg_encased_lava,
          vaults_room_hallway, layout_vaults_quadrants
Vaults:2: v_misc_29, nicolae_vaults_network_star, v_misc_10, v_misc_27,
          hangedman_vaults_snaps, nicolae_vaults_quadrants, v_misc_25,
          ontoclasm_vaults_ring_small, nicolae_vaults_network_s,
          nicolae_vaults_circle_grid_b, vaults_room_hallway,
          ontoclasm_vaults_idyll, nicolae_vaults_rhombus_5,
          nicolae_vaults_little_ls, layout_vaults_omnibox, serial_shops,
          bzr_entry_safe, shop, shop, uniq_margery

Skill      XL: |  1  2  3  4  5  6  7  8  9 10 11 12 13 14 15 16 17 18 |
---------------+-------------------------------------------------------+-----
Axes           | 4 5 6 |  6.4
Maces & Flails | 2 4 6 10 12 13 16 18 | 18.0
Fighting       | 8 12 14 15 17 18 20 21 22 | 22.9
Armour         | 5 8 11 13 15 16 18 20 21 | 21.5
Dodging        | 5 8 11 13 14 16 17 18 | 18.3

Action                   |  1- 3 |  4- 6 |  7- 9 | 10-12 | 13-15 | 16-18 || total
-------------------------+-------+-------+-------+-------+-------+-------++-------
Melee: Hand axe          |    78 |       |       |       |       |       ||    78
       Headbutt          |     8 |    11 |    29 |   139 |   335 |   352 ||   874
       Mace              |       |    92 |   207 |   695 |   953 |       ||  1947
       Punch             |       |       |     4 |     7 |    21 |    28 ||    60
       Demon whip        |       |       |       |       |   339 |  1369 ||  1708
Invok: Berserk           |     2 |     3 |     2 |    11 |    14 |     7 ||    39
       Trog's Hand       |       |       |     1 |     6 |    10 |    20 ||    37
       Brothers in Arms  |       |       |       |       |     2 |     4 ||     6
Evoke: Wand              |       |       |     2 |       |       |       ||     2
  Use: Scroll            |     4 |     2 |     6 |     5 |    15 |    16 ||    48
       Potion            |     2 |     2 |       |     2 |    10 |    15 ||    31
 Stab: Invisible         |       |       |       |       |     4 |       ||     4
       Confused          |       |       |       |       |       |     2 ||     2
Armor: Robe              |     4 |       |       |       |       |       ||     4
       Leather armour    |     9 |       |       |       |       |       ||     9
       Chain mail        |     1 |    48 |    22 |       |       |       ||    71
       Scale mail        |       |       |    61 |   439 |   627 |   635 ||  1762
Dodge: Dodged            |    41 |    40 |    98 |   332 |   879 |  1031 ||  2421
